[Event "Titled Tuesday Blitz July 11 Late 2023"]
[White "Fedoseev, Vladimir"]
[Black "Durarbayli, Vasif"]
[WhiteFideId "24130737"]
[BlackFideId "13402935"]
[WhiteElo "3075"]
[BlackElo "2920"]
[Result "0-1"]
[Round "10"]
[TimeControl "180+2"]
[Date "2023.07.11"]
[WhiteClock "0:00:00"]
[BlackClock "0:00:02"]
[Board "5"]

1. c4 c5 2. Nf3 Nf6 3. Nc3 e6 4. d4 cxd4 5. Nxd4 b6 6. e4 d6 7. Bd3 Bb7 8. O-O Nbd7 9. Re1 a6 10. b3 Qc7 11. Bb2 g6 12. Rc1 Bg7 13. f4 Nh5 14. Nce2 O-O 15. Bb1 Nc5 16. g4 Nf6 17. Ng3 e5 18. g5 Nfxe4 19. Bxe4 Nxe4 20. Nxe4 Bxe4 21. Rxe4 exd4 22. Qd3 Rae8 23. Rce1 Rxe4 24. Rxe4 d5 25. cxd5 Qd7 26. Bxd4 Qxd5 27. Qe3 Rd8 28. Re8+ Rxe8 29. Qxe8+ Bf8 30. Qe5 Qxe5 31. fxe5 b5 32. Kg2 Be7 33. h4 Kf8 34. Kf3 Bb4 35. Ke4 Be1 36. Kd5 Bxh4 37. Be3 Ke7 38. a4 bxa4 39. bxa4 Bg3 40. Bd2 Kd7 41. a5 Bh2 42. Be3 Bg3 43. Bd2 Bf2 44. Bc3 Be3 0-1


[Site "https://www.chess.com"]

[Event "Titled Tuesday Blitz July 11 Late 2023"]
[White "Hong, Andrew"]
[Black "Maksimovic, Bojan"]
[WhiteFideId "2099438"]
[BlackFideId "14408120"]
[WhiteElo "3069"]
[BlackElo "2866"]
[Result "1-0"]
[Round "10"]
[TimeControl "180+2"]
[Date "2023.07.11"]
[WhiteClock "0:00:35"]
[BlackClock "0:00:07"]
[Board "6"]

1. e4 g6 2. d4 Nf6 3. Nc3 d5 4. e5 Ne4 5. Nce2 f6 6. Ng3 fxe5 7. dxe5 Nxg3 8. hxg3 Bf5 9. Bd3 Bxd3 10. Qxd3 e6 11. Nf3 Qd7 12. Bg5 Nc6 13. O-O-O Rg8 14. g4 Qf7 15. Bf6 h6 16. g5 h5 17. Qb5 Rb8 18. Rh4 a6 19. Qd3 Ne7 20. c4 c6 21. Rf4 Nf5 22. Kb1 Rc8 23. Rc1 Qd7 24. Nh4 Nxh4 25. Rxh4 b5 26. c5 Qf7 27. g4 hxg4 28. Rch1 Bg7 29. Rh7 Qf8 30. Qxg6+ 1-0


[Site "https://www.chess.com"]

[Event "Titled Tuesday Blitz July 11 Late 2023"]
[White "Warmerdam, Max"]
[Black "Bluebaum, Matthias"]
[WhiteFideId "1048104"]
[BlackFideId "24651516"]
[WhiteElo "2843"]
[BlackElo "3045"]
[Result "0-1"]
[Round "10"]
[TimeControl "180+2"]
[Date "2023.07.11"]
[WhiteClock "0:00:08"]
[BlackClock "0:00:23"]
[Board "7"]

1. d4 d5 2. c4 e6 3. Nc3 Bb4 4. cxd5 exd5 5. Bf4 c5 6. e3 c4 7. Ne2 Nc6 8. h4 h6 9. g3 Nge7 10. Bg2 Be6 11. O-O O-O 12. a3 Ba5 13. b3 Bg4 14. Qb1 Bf5 15. Qb2 Bd3 16. Rfc1 cxb3 17. Qxb3 Bc4 18. Qxb7 Bb6 19. Rab1 Na5 20. Rxb6 Nxb7 21. Rxb7 Rc8 22. Rcb1 Ng6 23. Rxa7 Bd3 24. Rbb7 Nxf4 25. gxf4 Bxe2 26. Nxe2 Qxh4 27. Bxd5 Qg4+ 28. Ng3 Kh8 29. Bxf7 Rb8 30. Bh5 Rxb7 31. Bxg4 Rxa7 32. Kg2 Rxa3 33. Kf3 g6 34. Be6 Kg7 35. Ke4 h5 36. d5 h4 37. Nf1 Ra2 38. Kf3 g5 39. f5 g4+ 40. Kg2 g3 41. Nxg3 hxg3 42. Kxg3 Kf6 43. f4 Ra3 44. Kf2 Rh8 45. d6 Rh2+ 46. Kg3 Rd2 47. Kf3 Rxd6 0-1


[Site "https://www.chess.com"]

[Event "Titled Tuesday Blitz July 11 Late 2023"]
[White "Bortnyk, Mykola"]
[Black "Ibarra Jerez, Jose Carlos"]
[WhiteFideId "14120836"]
[BlackFideId "2226332"]
[WhiteElo "3006"]
[BlackElo "2925"]
[Result "1-0"]
[Round "10"]
[TimeControl "180+2"]
[Date "2023.07.11"]
[WhiteClock "0:00:57"]
[BlackClock "0:00:03"]
[Board "8"]

1. e4 c5 2. c3 Nf6 3. e5 Nd5 4. Nf3 Nc6 5. Bc4 Nb6 6. Bb3 g6 7. a4 Na5 8. Ba2 Bg7 9. b4 cxb4 10. cxb4 Nc6 11. a5 Nxb4 12. axb6 Nd3+ 13. Ke2 Nf4+ 14. Kf1 Qxb6 15. d3 Ne6 16. Nc3 O-O 17. Nd5 Qd8 18. Ba3 d6 19. Rc1 Bd7 20. exd6 exd6 21. Bxd6 Re8 22. Bc7 Qc8 23. Be5 Bc6 24. Bxg7 Kxg7 25. Qd2 Qd8 26. Ne3 f6 27. Bxe6 Rxe6 28. h4 h5 29. Rh3 a5 30. Rg3 Kf7 31. d4 Be4 32. d5 Rd6 33. Kg1 a4 34. Qd4 Bxd5 35. Nxd5 a3 36. Qe4 f5 37. Ne5+ Kg7 38. Qxf5 Raa6 39. Qf7+ Kh6 40. Ne7 a2 41. Nf5+ gxf5 42. Qg7# 1-0


[Site "https://www.chess.com"]

[Event "Titled Tuesday Blitz July 11 Late 2023"]
[White "Shimanov, Aleksandr"]
[Black "Zemlyanskii, Ivan"]
[WhiteFideId "4198603"]
[BlackFideId "24249971"]
[WhiteElo "2943"]
[BlackElo "2817"]
[Result "1-0"]
[Round "10"]
[TimeControl "180+2"]
[Date "2023.07.11"]
[WhiteClock "0:00:04"]
[BlackClock "0:00:00"]
[Board "9"]

1. d4 d5 2. c4 c6 3. e3 Nf6 4. Bd3 Bg4 5. f3 Bh5 6. Nc3 e6 7. Nge2 Nbd7 8. Qb3 dxc4 9. Bxc4 b5 10. Bd3 Nc5 11. Qc2 Nxd3+ 12. Qxd3 a6 13. O-O c5 14. Rd1 cxd4 15. Nxd4 Bc5 16. Ncxb5 axb5 17. Qxb5+ Nd7 18. Nb3 Rc8 19. Bd2 Qb6 20. Qa4 Qc6 21. Qxc6 Rxc6 22. Rac1 Rc7 23. Ba5 Bxe3+ 24. Kf1 Rxc1 25. Nxc1 Bb6 26. Bb4 Bc5 27. Bc3 f6 28. Nb3 Be7 29. Nd4 Nc5 30. Nc6 Na4 31. Be1 Rf8 32. Nxe7 Nxb2 33. Rb1 Nc4 34. Rb8+ Kf7 35. Rb7 Ra8 36. Nf5+ Kf8 37. Bb4+ Kg8 38. Rxg7+ Kh8 39. Be7 exf5 40. Bxf6 Ra6 41. Bc3 h6 42. Ra7+ Kg8 43. Rxa6 Bf7 44. Ra8+ Kh7 45. Ra7 Kg6 46. Ra6+ Kh7 47. Rf6 Bd5 48. Kf2 Ne5 49. Bxe5 Bxa2 50. Rxf5 1-0


[Site "https://www.chess.com"]

[Event "Titled Tuesday Blitz July 11 Late 2023"]
[White "Grigoriants, Sergey"]
[Black "Bartel, Mateusz"]
[WhiteFideId "4130804"]
[BlackFideId "1112635"]
[WhiteElo "2930"]
[BlackElo "2805"]
[Result "0-1"]
[Round "10"]
[TimeControl "180+2"]
[Date "2023.07.11"]
[WhiteClock "0:00:03"]
[BlackClock "0:00:17"]
[Board "10"]

1. d4 f5 2. Nf3 Nf6 3. g3 g6 4. Bg2 Bg7 5. O-O O-O 6. b3 d6 7. Bb2 Nc6 8. d5 Nb4 9. c4 a5 10. Nc3 Bd7 11. Nd4 Kh8 12. Rb1 Qc8 13. Ba1 c5 14. Ndb5 g5 15. Qd2 f4 16. Ne4 Nxe4 17. Bxg7+ Kxg7 18. Bxe4 Bf5 19. Bxf5 Qxf5 20. Nc7 Rf6 21. Nxa8 Qh3 22. Qc3 g4 23. Kh1 f3 24. exf3 gxf3 25. Rg1 Kg8 26. Qe3 Rh6 27. Qg5+ Kh8 28. Qxh6 Qxh6 29. Rbe1 Nd3 30. Ref1 Qd2 0-1


[Site "https://www.chess.com"]

[Event "Titled Tuesday Blitz July 11 Late 2023"]
[White "Leitao, Rafael"]
[Black "Licznerski, Lukasz"]
[WhiteFideId "2101246"]
[BlackFideId "1179250"]
[WhiteElo "2771"]
[BlackElo "2832"]
[Result "1-0"]
[Round "10"]
[TimeControl "180+2"]
[Date "2023.07.11"]
[WhiteClock "0:00:23"]
[BlackClock "0:00:02"]
[Board "11"]

1. c4 Nf6 2. Nc3 e5 3. Nf3 Nc6 4. e4 Bb4 5. d3 d6 6. a3 Bxc3+ 7. bxc3 h6 8. g3 O-O 9. Bg2 a5 10. a4 b6 11. O-O Nd7 12. Nh4 Nc5 13. Nf5 Ne7 14. d4 Nd7 15. f4 Nxf5 16. exf5 Rb8 17. fxe5 dxe5 18. Re1 f6 19. Qg4 Kh8 20. Bd5 Bb7 21. Be6 Re8 22. Be3 Nf8 23. d5 Nd7 24. Qg6 Qe7 25. Bxh6 Nf8 26. Qh5 gxh6 27. Qxh6+ Nh7 28. Re4 Qg7 29. Qh5 Re7 30. Rg4 Qf8 31. Re1 Bc8 32. Ree4 Bxe6 33. dxe6 Rd8 34. Rg6 Rg7 35. Reg4 Rd1+ 36. Kg2 Rd2+ 37. Kh3 Rxg6 38. fxg6 Qg7 39. gxh7 Qxh7 40. Qxh7+ Kxh7 41. e7 1-0


[Site "https://www.chess.com"]

[Event "Titled Tuesday Blitz July 11 Late 2023"]
[White "Duda, Jan-Krzysztof"]
[Black "Antipov, Mikhail Al."]
[WhiteFideId "1170546"]
[BlackFideId "4107012"]
[WhiteElo "3031"]
[BlackElo "2912"]
[Result "1-0"]
[Round "10"]
[TimeControl "180+2"]
[Date "2023.07.11"]
[WhiteClock "0:01:04"]
[BlackClock "0:00:03"]
[Board "12"]

1. d4 Nf6 2. Nf3 d5 3. c4 e6 4. g3 Bb4+ 5. Bd2 Be7 6. Bg2 O-O 7. O-O c6 8. Qc2 Nbd7 9. Rd1 b6 10. Bf4 Bb7 11. Ne5 Nh5 12. Bc1 Rc8 13. e4 dxc4 14. Nxc4 c5 15. d5 exd5 16. exd5 b5 17. Qe2 Re8 18. Ne3 Ndf6 19. d6 Bxg2 20. dxe7 Qxe7 21. Kxg2 c4 22. Qf3 b4 23. g4 Rc5 24. Nd2 Qc7 25. gxh5 Rxh5 26. Ndf1 c3 27. bxc3 bxc3 28. Ng3 Ra5 29. Nd5 Nxd5 30. Rxd5 Rxd5 31. Qxd5 Rd8 32. Bf4 1-0


[Site "https://www.chess.com"]

[Event "Titled Tuesday Blitz July 11 Late 2023"]
[White "Martinez Alcantara, Jose Eduardo"]
[Black "Zhigalko, Sergei"]
[WhiteFideId "3805662"]
[BlackFideId "13502956"]
[WhiteElo "3012"]
[BlackElo "2884"]
[Result "1-0"]
[Round "10"]
[TimeControl "180+2"]
[Date "2023.07.11"]
[WhiteClock "0:00:06"]
[BlackClock "0:00:06"]
[Board "13"]

1. e4 c5 2. Nf3 Nc6 3. Nc3 e5 4. Bc4 d6 5. d3 Be7 6. Nd2 Nf6 7. Nf1 Bg4 8. f3 Be6 9. Ne3 O-O 10. O-O Nd7 11. Ned5 Nb6 12. f4 exf4 13. Bxf4 Nxc4 14. dxc4 Ne5 15. b3 Bg5 16. Qd2 Bxf4 17. Nxf4 Qe7 18. Rad1 Rad8 19. h3 Qg5 20. Kh1 Qh6 21. Nfd5 Qxd2 22. Ne7+ Kh8 23. Rxd2 Rd7 24. Nf5 g6 25. Ne3 Kg7 26. Ne2 Rfd8 27. Nf4 h5 28. Rdf2 Re8 29. Rd1 Nc6 30. Rfd2 Red8 31. Kh2 Nd4 32. Nd3 Nc6 33. Nf4 Ne5 34. Kg3 Nc6 35. Kf2 Ne5 36. Rf1 Nc6 37. Ke1 Nb4 38. c3 Nc6 39. Kd1 a6 40. Kc2 b5 41. Rfd1 Ne5 42. cxb5 axb5 43. Kb1 Nc6 44. c4 bxc4 45. Nxe6+ fxe6 46. Nxc4 Nd4 47. Rf1 Rf7 48. Rxf7+ Kxf7 49. b4 Rb8 50. a3 Ke7 51. Ka2 Nb5 52. Kb3 Nd4+ 53. Kc3 Nb5+ 54. Kd3 cxb4 55. axb4 Rc8 56. Ra2 Rc7 57. Ra5 Rb7 58. Ne3 h4 59. Nc2 Nc7 60. Rg5 Kf6 61. Rg4 g5 62. g3 hxg3 63. Rxg3 e5 64. Rf3+ Kg6 65. Rg3 Ne6 66. Kc3 Rc7+ 67. Kb3 Kh5 68. Ne3 Nd4+ 69. Kb2 Kh4 70. Rg1 Kh5 71. Rg4 Rf7 72. Nc4 Rf2+ 73. Ka3 Rf3+ 74. Ka4 Rxh3 75. Rg1 Rc3 76. Nxd6 Rc2 77. b5 g4 78. b6 Rb2 79. Nc4 Rc2 80. Kb4 Nf3 81. Rd1 Ra2 82. b7 Nd2 83. Rxd2 Ra8 84. bxa8=Q g3 85. Qh8+ Kg4 86. Qg8+ Kf3 87. Rd3+ Ke2 88. Re3+ Kf1 89. Rf3+ Kg2 90. Qxg3+ Kh1 91. Rf1# 1-0


[Site "https://www.chess.com"]

[Event "Titled Tuesday Blitz July 11 Late 2023"]
[White "Ter-Sahakyan, Samvel"]
[Black "Andreikin, Dmitry"]
[WhiteFideId "13302531"]
[BlackFideId "4158814"]
[WhiteElo "2832"]
[BlackElo "3004"]
[Result "1-0"]
[Round "10"]
[TimeControl "180+2"]
[Date "2023.07.11"]
[WhiteClock "0:01:10"]
[BlackClock "0:01:44"]
[Board "14"]

1. d4 g6 2. e4 Bg7 3. Nc3 c6 4. Nf3 d6 5. Be3 Nf6 6. Qd2 Bg4 7. O-O-O b5 8. Bd3 b4 9. Ne2 a5 10. Bh6 O-O 11. h4 Nbd7 12. h5 Bxh5 13. Bxg7 Kxg7 14. e5 dxe5 15. dxe5 Bxf3 16. exf6+ Nxf6 17. Qh6+ Kg8 18. Bxg6 Qxd1+ 19. Rxd1 Bxe2 20. Bxh7+ Nxh7 21. Rh1 Bd3 22. cxd3 1-0


[Site "https://www.chess.com"]

[Event "Titled Tuesday Blitz July 11 Late 2023"]
[White "Gordievsky, Dmitry"]
[Black "Maghsoodloo, Parham"]
[WhiteFideId "24112798"]
[BlackFideId "12539929"]
[WhiteElo "2912"]
[BlackElo "2967"]
[Result "0-1"]
[Round "10"]
[TimeControl "180+2"]
[Date "2023.07.11"]
[WhiteClock "0:00:04"]
[BlackClock "0:00:18"]
[Board "15"]

1. Nf3 a6 2. e4 b5 3. d4 Bb7 4. Bd3 c5 5. dxc5 Nf6 6. e5 Nd5 7. Nbd2 Nf4 8. Be4 Qc8 9. O-O e6 10. b4 a5 11. c3 Nc6 12. Nb3 Ng6 13. Bxg6 hxg6 14. a3 Be7 15. Re1 f5 16. Bf4 Nd8 17. Nbd4 Nf7 18. Qd2 Rh5 19. h4 Bxh4 20. Nxh4 Rxh4 21. f3 Rh5 22. Nxb5 g5 23. Bxg5 Rxg5 24. Nd6+ Nxd6 25. Qxg5 Nc4 26. Kf2 Kf7 27. Qh5+ Ke7 28. Qh4+ Kf7 29. Qxc4 Qd8 30. Qf4 Bc6 31. Red1 Qb8 32. Rd6 axb4 33. cxb4 Qb5 34. Qd4 Kg6 35. Qd3 Qa4 36. Qc3 Rh8 37. Rb1 Rh4 38. Qb3 Qa8 39. Rbd1 Ba4 40. Qd3 Bxd1 41. Qxd1 Qxa3 42. c6 dxc6 43. Rxe6+ Kh7 44. Rxc6 Qb2+ 45. Qc2 Qd4+ 46. Kg3 Qf4+ 47. Kf2 Qd4+ 48. Kg3 Rh5 49. Qc3 Qh4# 0-1


[Site "https://www.chess.com"]

[Event "Titled Tuesday Blitz July 11 Late 2023"]
[White "Svane, Rasmus"]
[Black "Svane, Frederik"]
[WhiteFideId "4657101"]
[BlackFideId "12923044"]
[WhiteElo "2954"]
[BlackElo "2811"]
[Result "1-0"]
[Round "10"]
[TimeControl "180+2"]
[Date "2023.07.11"]
[WhiteClock "0:00:51"]
[BlackClock "0:00:00"]
[Board "16"]

1. Nf3 g6 2. d4 Nf6 3. g3 Bg7 4. Bg2 O-O 5. O-O b6 6. c4 Bb7 7. Re1 d6 8. Qc2 Nbd7 9. e4 e5 10. Nc3 h6 11. h3 Re8 12. Be3 exd4 13. Bxd4 Nc5 14. Nd2 a5 15. Rad1 Ne6 16. Be3 Nd7 17. Nf3 Nec5 18. Nd4 a4 19. b4 axb3 20. axb3 Ne5 21. Nd5 Kh7 22. f4 Nc6 23. Nxc6 Bxc6 24. e5 Bb7 25. Bxc5 bxc5 26. Nf6+ Bxf6 27. Bxb7 Bg7 28. Bxa8 Qxa8 29. Rd5 dxe5 30. fxe5 c6 31. Rd7 1-0


[Site "https://www.chess.com"]

[Event "Titled Tuesday Blitz July 11 Late 2023"]
[White "Chigaev, Maksim"]
[Black "Matinian, Nikita"]
[WhiteFideId "4108116"]
[BlackFideId "24129100"]
[WhiteElo "2951"]
[BlackElo "2722"]
[Result "1-0"]
[Round "10"]
[TimeControl "180+2"]
[Date "2023.07.11"]
[WhiteClock "0:00:17"]
[BlackClock "0:00:00"]
[Board "17"]

1. e4 c5 2. b3 g6 3. Bb2 Nf6 4. e5 Nd5 5. Nc3 Nc7 6. Ne4 Ne6 7. h4 Nc6 8. h5 Bg7 9. Nf3 Qc7 10. h6 Bxe5 11. Nxe5 Nxe5 12. Be2 O-O 13. O-O d5 14. Nxc5 Nxc5 15. d4 Ned7 16. dxc5 Qxc5 17. Bf3 Nb6 18. a4 Bf5 19. a5 Nd7 20. Re1 e6 21. c4 Rad8 22. Ba3 Qc7 23. Bxf8 Nxf8 24. Qd4 f6 25. Qxf6 d4 26. Rad1 d3 27. g4 d2 28. Re2 Rd3 29. Rexd2 Rxf3 30. Rd7 Rg3+ 31. Kf1 Bd3+ 32. R1xd3 1-0


[Site "https://www.chess.com"]

[Event "Titled Tuesday Blitz July 11 Late 2023"]
[White "Troff, Kayden"]
[Black "He, Anthony"]
[WhiteFideId "2047896"]
[BlackFideId "2088215"]
[WhiteElo "2798"]
[BlackElo "2968"]
[Result "0-1"]
[Round "10"]
[TimeControl "180+2"]
[Date "2023.07.11"]
[WhiteClock "0:00:07"]
[BlackClock "0:00:25"]
[Board "18"]

1. d4 Nf6 2. Nf3 g6 3. Bg5 Bg7 4. e3 O-O 5. Nbd2 d6 6. c3 Nc6 7. Bc4 e5 8. O-O h6 9. Bh4 g5 10. Bg3 e4 11. Ne1 d5 12. Bb3 Ne7 13. c4 c6 14. cxd5 cxd5 15. Rc1 Be6 16. Ba4 Nf5 17. Qb3 Nxg3 18. hxg3 Qe7 19. Nc2 Ng4 20. Qb4 Qxb4 21. Nxb4 Rfc8 22. Bb3 Nf6 23. a4 Bf8 24. Na2 Bd6 25. Nc3 a6 26. Ne2 Bb4 27. Nb1 Kf8 28. f4 Ke7 29. Nbc3 Rd8 30. f5 Bc8 31. Na2 Bd6 32. Nec3 Bxg3 33. Nb4 Be6 34. fxe6 fxe6 35. Ne2 Bd6 36. Rxf6 Kxf6 37. Na2 Rac8 38. Nac3 Ke7 39. Rf1 Rf8 40. Rxf8 Rxf8 41. Nd1 h5 42. Nf2 g4 43. Nd1 h4 44. Nf2 Bh2+ 45. Kxh2 Rxf2 46. Nf4 Rxb2 47. Bd1 g3+ 48. Kh3 Rb1 49. Bh5 Rh1+ 50. Kg4 b5 51. Ng6+ Kd6 52. Nxh4 bxa4 53. Kxg3 a3 54. Bg4 a2 55. Ng6 a1=Q 56. Ne5 Qe1+ 57. Kf4 Rf1+ 58. Kg5 Qxe3+ 59. Kg6 Qxd4 60. Nf7+ Ke7 61. Ng5 Qf6+ 62. Kh5 Qh8+ 63. Kg6 0-1


[Site "https://www.chess.com"]

[Event "Titled Tuesday Blitz July 11 Late 2023"]
[White "Kramnik, Vladimir"]
[Black "Ehlvest, Jaan"]
[WhiteFideId "4101588"]
[BlackFideId "4500016"]
[WhiteElo "2967"]
[BlackElo "2629"]
[Result "1-0"]
[Round "10"]
[TimeControl "180+2"]
[Date "2023.07.11"]
[WhiteClock "0:00:18"]
[BlackClock "0:00:03"]
[Board "19"]

1. e4 g6 2. d4 Bg7 3. Nf3 c6 4. c4 d6 5. Nc3 d5 6. cxd5 Nf6 7. dxc6 Nxc6 8. d5 Nb8 9. Be2 O-O 10. O-O Na6 11. Be3 Bg4 12. Nd2 Bxe2 13. Qxe2 e6 14. dxe6 fxe6 15. Rfd1 Qe7 16. h3 Nb4 17. Nb3 Nd7 18. Bd4 Bh6 19. Nb5 Nc6 20. Bc3 a6 21. N5d4 Nce5 22. Nd2 b5 23. a3 Rf7 24. N2f3 Bg7 25. Rac1 Nc4 26. Nc6 Qc5 27. Bxg7 Kxg7 28. Nb4 Qe7 29. Nc6 Qf6 30. b3 Nce5 31. Ncxe5 Nxe5 32. Nxe5 Qxe5 33. Rc6 a5 34. Rdc1 b4 35. axb4 axb4 36. R6c5 Qf4 37. g3 Qd6 38. Qb2+ Kg8 39. Rc6 Qd3 40. Rc8+ Rf8 41. Rxa8 Rxa8 42. Qf6 Qd7 43. Qe5 Rc8 44. Rxc8+ Qxc8 45. Kg2 Kf7 46. Qf4+ Kg8 47. Qd6 Qb7 48. Qxe6+ 1-0


[Site "https://www.chess.com"]

[Event "Titled Tuesday Blitz July 11 Late 2023"]
[White "Makarian, Rudik"]
[Black "Grebeniuk, Semen"]
[WhiteFideId "44105681"]
[BlackFideId "14117509"]
[WhiteElo "2938"]
[BlackElo "2621"]
[Result "1-0"]
[Round "10"]
[TimeControl "180+2"]
[Date "2023.07.11"]
[WhiteClock "0:01:20"]
[BlackClock "0:00:02"]
[Board "20"]

1. e4 c5 2. Nf3 Nc6 3. Bb5 g6 4. O-O Bg7 5. Re1 e5 6. b4 cxb4 7. a3 Nge7 8. axb4 O-O 9. Nc3 a6 10. Bxc6 dxc6 11. d3 h6 12. Na4 Be6 13. Bb2 Qc7 14. h3 Kh7 15. Qd2 Rad8 16. Qc3 f6 17. Nc5 Bc8 18. Rad1 b6 19. Nb3 g5 20. Nh2 Ng6 21. d4 Nf4 22. Ng4 h5 23. Ne3 g4 24. Nf5 Bxf5 25. exf5 gxh3 26. g3 Nd5 27. Qf3 Qf7 28. c3 Rde8 29. Re4 Bh6 30. Rh4 Rg8 31. Kh2 Rg5 32. Nd2 exd4 33. c4 Nxb4 34. Bxd4 c5 35. Bc3 Rg4 36. Rxg4 hxg4 37. Qxg4 Nd3 38. Qf3 Ne5 39. Bxe5 Rxe5 40. Ne4 Qe7 41. Rd7 Rxe4 42. Rxe7+ Rxe7 43. Qc6 b5 44. Qxf6 Rg7 45. Qxa6 bxc4 46. Qxc4 Rf7 47. Qxf7+ 1-0


[Site "https://www.chess.com"]

[Event "Titled Tuesday Blitz July 11 Late 2023"]
[White "Chen, Max"]
[Black "Rustemov, Alexander"]
[WhiteFideId "2622440"]
[BlackFideId "4119002"]
[WhiteElo "2612"]
[BlackElo "2895"]
[Result "1-0"]
[Round "10"]
[TimeControl "180+2"]
[Date "2023.07.11"]
[WhiteClock "0:00:15"]
[BlackClock "0:00:02"]
[Board "21"]

1. e4 e6 2. Qe2 c5 3. Nf3 Nc6 4. g3 g6 5. Bg2 Bg7 6. c3 Nge7 7. d3 d6 8. O-O O-O 9. h4 h6 10. Rd1 e5 11. a4 Bg4 12. Nbd2 Qd7 13. Nf1 f5 14. N1h2 Bh5 15. Re1 Rf7 16. exf5 Qxf5 17. Qe4 d5 18. Qxf5 gxf5 19. Be3 b6 20. Rab1 Bg6 21. Rbd1 e4 22. d4 exf3 23. Nxf3 cxd4 24. Nxd4 Nxd4 25. Bxd4 f4 26. Rxe7 Rxe7 27. Bxd5+ Kh7 28. Bxa8 Re2 29. Bxg7 Kxg7 30. Rd7+ Kf6 31. Rd6+ Kg7 32. Rd7+ Kf6 33. Rxa7 Rxb2 34. Ra6 Kg7 35. g4 Bd3 36. Ra7+ Kf6 37. Bd5 Be2 38. Kg2 Bxg4 39. Bf3 Bf5 40. Rc7 Ke5 41. Rc6 h5 42. Rh6 Bg4 43. Rg6 Bf5 44. Rg5 Kf6 45. Rxh5 Rc2 46. Rh6+ Ke5 47. Rh5 Kf6 48. Rh6+ Ke5 49. Rxb6 Rxc3 50. Rb5+ Kf6 51. a5 Ra3 52. Rb6+ Ke5 53. a6 Bd3 54. Bb7 Kf5 55. h5 Kg5 56. h6 Bf5 57. Rb5 Kf6 58. Rxf5+ Kg6 59. Rxf4 Kxh6 60. Rf3 Ra1 61. Rh3+ Kg5 62. Re3 Kf4 63. Re4+ Kf5 64. Kf3 Kf6 65. Kf4 Ra2 66. f3 Ra3 67. Rb4 Ra5 68. Rb6+ Ke7 69. Bc6 Kd6 70. Bb5+ Kc5 71. Rb7 Ra3 72. a7 Ra5 73. Bd3 Kd4 74. Be4 Ra1 75. Rd7+ Kc5 76. a8=Q Rxa8 77. Bxa8 Kb6 78. Rd1 Kc5 79. Kg5 Kb4 80. f4 Kc3 81. f5 Kc2 82. Bf3 Kb2 83. f6 Kc3 84. f7 Kb2 85. f8=Q Kc3 86. Qc5+ Kb2 87. Qb4+ Kc2 88. Rd2+ Kc1 89. Qb2# 1-0


[Site "https://www.chess.com"]

[Event "Titled Tuesday Blitz July 11 Late 2023"]
[White "Morefield, Jason"]
[Black "Leon Oquendo, Jorge"]
[WhiteFideId "30920825"]
[BlackFideId "3514803"]
[WhiteElo "2776"]
[BlackElo "2611"]
[Result "0-1"]
[Round "10"]
[TimeControl "180+2"]
[Date "2023.07.11"]
[WhiteClock "0:00:02"]
[BlackClock "0:00:17"]
[Board "22"]

1. a3 g6 2. h4 h6 3. e4 Bg7 4. Nc3 b6 5. Bc4 Bb7 6. Qe2 e6 7. Nf3 Ne7 8. d3 a6 9. Bd2 d6 10. Ba2 c5 11. h5 g5 12. Nh2 Nbc6 13. O-O-O Nd4 14. Qf1 b5 15. Ne2 Nxe2+ 16. Qxe2 Nc6 17. f4 b4 18. a4 Nd4 19. Qf2 Qd7 20. fxg5 Qxa4 21. Bb1 Nxc2 22. Rdf1 Rf8 23. Bxc2 Qa1+ 24. Bb1 Qxb2+ 25. Kd1 Qxb1+ 26. Ke2 Qb3 27. gxh6 Bd4 28. Qf4 c4 29. dxc4 Qxc4+ 30. Kf3 f5 31. Qg5 Bxe4+ 32. Kg3 Qd3+ 33. Nf3 Kd7 34. h7 Rf7 35. Qh6 Rg7+ 36. Kh2 Qe2 37. Bg5 Rh8 38. Re1 Qa2 39. Rxe4 fxe4 40. Nxd4 Rhxh7 41. Qf6 Rxh5+ 42. Kg3 Rhxg5+ 43. Kh4 Qd5 44. Nxe6 Rh7+ 45. Qh6 Rxh6# 0-1


[Site "https://www.chess.com"]

[Event "Titled Tuesday Blitz July 11 Late 2023"]
[White "Fantastic_Power"]
[Black "Pinheiro, Iung Alicio de O."]
[BlackFideId "2104350"]
[WhiteElo "2737"]
[BlackElo "2601"]
[Result "1-0"]
[Round "10"]
[TimeControl "180+2"]
[Date "2023.07.11"]
[WhiteClock "0:02:10"]
[BlackClock "0:00:12"]
[Board "23"]

1. e4 e5 2. Nf3 Nc6 3. Bc4 Nf6 4. d4 exd4 5. O-O Nxe4 6. Re1 d5 7. Bxd5 Qxd5 8. Nc3 Qd7 9. Nxe4 Be7 10. Bg5 O-O 11. Bxe7 Qxe7 12. Nxd4 Nxd4 13. Qxd4 Rd8 14. Qc3 b6 15. Re3 Be6 16. Rg3 f5 17. Nf6+ Kh8 18. Nh5 Rg8 19. Re1 Rae8 20. Nf4 Qf7 21. Ng6+ 1-0


[Site "https://www.chess.com"]

[Event "Titled Tuesday Blitz July 11 Late 2023"]
[White "Fiorito, Francisco"]
[Black "Rastbod, Ali"]
[WhiteFideId "180165"]
[BlackFideId "12567477"]
[WhiteElo "2600"]
[BlackElo "2694"]
[Result "1-0"]
[Round "10"]
[TimeControl "180+2"]
[Date "2023.07.11"]
[WhiteClock "0:00:13"]
[BlackClock "0:00:02"]
[Board "24"]

1. d4 Nf6 2. Nc3 d5 3. Bf4 c5 4. e3 cxd4 5. exd4 a6 6. Nf3 Bg4 7. h3 Bxf3 8. Qxf3 Nc6 9. O-O-O e6 10. g4 Bd6 11. Bxd6 Qxd6 12. g5 Nd7 13. h4 O-O-O 14. Qxf7 Rhf8 15. Qxg7 Rxf2 16. Bd3 Qf4+ 17. Kb1 Nf8 18. Rhf1 Qxh4 19. Rxf2 Qxf2 20. Ne2 Nb4 21. Nc1 Nc6 22. c3 Qg3 23. Rf1 Qc7 24. Qg8 Qe7 25. Rf7 Qd6 26. Rf6 Qe7 27. Nb3 e5 28. Bf5+ Kb8 29. Rf7 Qd6 30. Nc5 exd4 31. Nxb7 Qe5 32. a4 dxc3 33. Nxd8 Qe1+ 34. Ka2 Nb4+ 35. Kb3 c2 36. Rb7+ Ka8 37. Rxb4 c1=Q 38. Qxd5+ Ka7 39. Qb7# 1-0


[Site "https://www.chess.com"]

[Event "Titled Tuesday Blitz July 11 Late 2023"]
[White "Boldoo, Erdenepurev"]
[Black "Omelja, Artem"]
[WhiteFideId "4901037"]
[BlackFideId "14119846"]
[WhiteElo "2580"]
[BlackElo "2661"]
[Result "1-0"]
[Round "10"]
[TimeControl "180+2"]
[Date "2023.07.11"]
[WhiteClock "0:00:11"]
[BlackClock "0:00:00"]
[Board "25"]

1. d4 d5 2. Bf4 Nf6 3. Nf3 c5 4. e3 Nc6 5. Nbd2 Bf5 6. c3 e6 7. Bb5 Qb6 8. Qa4 a6 9. Bxc6+ Qxc6 10. Qxc6+ bxc6 11. dxc5 Bxc5 12. Nb3 Bb6 13. Nbd4 Rc8 14. Nxf5 exf5 15. Be5 Ke7 16. Nd4 g6 17. O-O-O Rhe8 18. Bxf6+ Kxf6 19. Ne2 Re4 20. h4 h5 21. g3 Rce8 22. Rd2 Rb8 23. Kb1 a5 24. Rc1 Bc5 25. Nd4 Rb6 26. Nb3 Bf8 27. Nxa5 Ra4 28. Nb3 Ke5 29. Rd4 Ra8 30. c4 Be7 31. cxd5 cxd5 32. Nc5 Rb5 33. Nd3+ Kd6 34. b3 Bf6 35. Rb4 Rba5 36. Rc2 1-0


[Site "https://www.chess.com"]

[Event "Titled Tuesday Blitz July 11 Late 2023"]
[White "benny_aizenberg"]
[Black "Francisco Guecamburu, Candela Be"]
[BlackFideId "160911"]
[WhiteElo "2657"]
[BlackElo "2576"]
[Result "1-0"]
[Round "10"]
[TimeControl "180+2"]
[Date "2023.07.11"]
[WhiteClock "0:00:10"]
[BlackClock "0:00:19"]
[Board "26"]

1. f4 d5 2. Nf3 Nf6 3. g3 g6 4. Bg2 Bg7 5. O-O O-O 6. d3 Nc6 7. Qe1 b6 8. e4 dxe4 9. dxe4 e5 10. Nc3 Ba6 11. Rf2 Re8 12. f5 Qd6 13. h3 Rad8 14. g4 Nd4 15. Be3 Nxf3+ 16. Bxf3 Bb7 17. g5 Nd7 18. f6 Bf8 19. h4 Nc5 20. h5 Qe6 21. hxg6 fxg6 22. Be2 Qf7 23. Qf1 Bc8 24. b4 Nb7 25. a3 Be6 26. Rh2 Nd6 27. Kg2 Nc4 28. Bxc4 Bxc4 29. Qf2 Rd7 30. Rah1 Qe6 31. Qf3 Red8 32. Kg3 a5 33. bxa5 Bxa3 34. axb6 cxb6 35. Nd5 Bf8 36. Nxb6 Rf7 37. Nxc4 Qxc4 38. Bf2 Qxc2 39. Bb6 Rd3 40. Rxc2 Rxf3+ 41. Kxf3 h6 42. Be3 h5 43. Rc8 Rd7 44. Bc5 1-0


[Site "https://www.chess.com"]